 Dungeon Crawl Stone Soup version 0.23-a0-419-g0174fd8 (webtiles) character file.

54 JeffiDaFish the Grave Robber (level 3, -2/19 HPs)
             Began as a Deep Elf Necromancer on Nov 12, 2018.
             Slain by Natasha (10 damage)
             ... on level 2 of the Dungeon.
             The game lasted 00:05:16 (1688 turns).

JeffiDaFish the Grave Robber (Deep Elf Necromancer) Turns: 1688, Time: 00:05:17

Health: -2/19      AC:  2    Str:  5    XL:     3   Next: 66%
Magic:  7/10       EV: 13    Int: 20    God:
Gold:   39         SH:  0    Dex: 15    Spells: 6/10 levels left

rFire    . . .     SeeInvis .   e - +0 dagger
rCold    . . .     Gourm    .   (no shield)
rNeg     . . .     Faith    .   a - +0 robe
rPois    .         Spirit   .   (no helmet)
rElec    .         Reflect  .   (no cloak)
rCorr    .         Harm     .   (no gloves)
MR       +....                  (no boots)
Stlth    ++........             (no amulet)
HPRegen  0.06/turn              d - ring of protection from magic
MPRegen  0.12/turn              (no ring)

@: no status effects
A: no striking features
a: no special abilities


You were on level 2 of the Dungeon.
You were not hungry.

You visited 1 branch of the dungeon, and saw 2 of its levels.

You collected 39 gold pieces.

Inventory:

Hand Weapons
 e - a +0 dagger (weapon)
Armour
 a - a +0 robe (worn)
Jewellery
 d - a ring of protection from magic (left hand)
 g - an uncursed amulet of faith
Scrolls
 f - a scroll of remove curse
Potions
 b - 3 potions of curing
Comestibles
 c - 2 rations
 h - 2 chunks of flesh


   Skills:
 + Level 2.5 Dodging
 + Level 2.6 Stealth
 + Level 4.2 Spellcasting
 * Level 5.7 Necromancy


You had 6 spell levels left.
You knew the following spells:

 Your Spells              Type           Power        Failure   Level  Hunger
a - Pain                  Necr           ####         1%          1    None
b - Vampiric Draining     Necr           ####......   3%          3    ###....

Your spell library contained the following spells:

 Spells                   Type           Power        Failure   Level  Hunger
 Animate Skeleton         Necr           N/A          1%          1    None
 Regeneration             Chrm/Necr      ###.......   12%         3    ###....
 Animate Dead             Necr           N/A          12%         4    ####...


Dungeon Overview and Level Annotations

Branches:
Dungeon (2/15)

Altars:

Annotations:
D:2 Natasha


Message History

You finish memorising.
Spell assigned to 'b'.
You open the door.
There is an open door here.
Natasha, Servant of Life and Death comes into view.
She is carrying a wand of
Casting: Pain (safe; 1% risk of failure)
Confirm with . or Enter, or press ? or * to list all spells.
You can't see any susceptible monsters within range! (Use Z to cast anyway.) Unknown command.
Natasha hisses angrily.
Natasha claws you!
* * * LOW HITPOINT WARNING * * *
Casting: Pain (safe; 1% risk of failure)
Confirm with . or Enter, or press ? or * to list all spells.
Aiming: Vampiric Draining (safe; 3% risk of failure)
Press: ? - help, Shift-Dir - straight line, f - Natasha
Aim: Natasha, carrying a wand of digging (1) Natasha is heavily wounded.
You feel life coursing into your body. Natasha claws you!
Ouch! That really hurt!
You die...

..# ..# #..#
..#
#..######..#
...........
........
#..##.#
#.###..#.#
#..h@....#
#.######.#
#.# #.# #.#
#.# #.# #.#
# #####'## #


You could see Natasha.

Vanquished Creatures
  Natasha (D:2)
  A worm (D:1)
  A leopard gecko (D:1)
  4 bats (D:1)
  2 giant cockroaches (D:1)
  A goblin (D:1)
  4 hobgoblins (D:1)
  3 jackals (D:1)
  5 frilled lizards (D:1)
  A kobold (D:2)
  A rat (D:1)
24 creatures vanquished.

Notes
Turn   | Place    | Note
-------+----------+-------------------------------------------
     0 | D:1      | JeffiDaFish the Deep Elf Necromancer began the quest for
                  | the Orb.
     0 | D:1      | Reached XP level 1. HP: 10/10 MP: 6/6
    60 | D:1      | Reached skill level 5 in Necromancy
   352 | D:1      | Reached XP level 2. HP: 15/15 MP: 6/8
  1418 | D:1      | Reached XP level 3. HP: 13/19 MP: 1/10
  1651 | D:2      | Noticed Natasha
  1658 | D:2      | Killed Natasha
  1666 | D:2      | Learned a level 3 spell: Vampiric Draining
  1683 | D:2      | Noticed Natasha
  1688 | D:2      | Slain by Natasha

Vault maps used:
D:1:      evilmike_arrival_run_for_it, minmay_lizard_pond
D:2:      lemuel_coloured_pillars_altar, first_ration, uniq_natasha

Skill      XL: |  1  2  3 |
---------------+----------+-----
Necromancy     | 5 |  5.7
Spellcasting   | 4 |  4.2
Dodging        | |  2.5
Stealth        | |  2.6

Action                   || total
-------------------------++-------
Melee: Dagger            ||    14
 Cast: Pain              ||    46
       Vampiric Draining ||     1
  Use: Potion            ||     3
       Scroll            ||     3
 Stab: Sleeping          ||     1
  Eat: Chunk             ||     2
Armor: Robe              ||     4
Dodge: Dodged            ||    20

Table legend:
 A = Non-vault XP
 B = Vault XP
 C = Vault XP percentage of total XP
 D = Non-vault monster count
 E = Vault monster count
 F = Vault count percentage of total count
                 A         B        C        D         E       F
            +---------+---------+-------+---------+---------+-------
      Total |      33 |      45 |  57.7 |      18 |       6 |  25.0
            +---------+---------+-------+---------+---------+-------
        D:1 |      32 |       9 |  22.0 |      17 |       5 |  22.7
        D:2 |       1 |      36 |  97.3 |       1 |       1 |  50.0
            +---------+---------+-------+---------+---------+-------
